 Dungeon Crawl Stone Soup version 0.23-a0-473-gc8aadda88e (webtiles) character file.

446566 Apachew the Tortoise (level 25, -1/225 HPs)
             Began as a Formicid Abyssal Knight on Nov 28, 2018.
             Was the Champion of Lugonu.
             Killed from afar by a wretched star (29 damage)
             ... with an orb of energy
             ... on level 1 of the Abyss.
             The game lasted 02:44:19 (47991 turns).

Apachew the Tortoise (Formicid Abyssal Knight)     Turns: 47991, Time: 02:44:20

Health: -1/225     AC: 32    Str: 26    XL:     25   Next: 40%
Magic:  35/35      EV: 12    Int: 10    God:    Lugonu [******]
Gold:   5152       SH: 14    Dex: 10    Spells: 24/24 levels left

rFire    + . .     SeeInvis +   a - +4 battleaxe (freeze)
rCold    + + .     Gourm    .   L - +2 shield {AC+3}
rNeg     . . .     Faith    .   W - +7 gold dragon scales
rPois    +         Spirit   .   (helmet unavailable)
rElec    +         Reflect  .   D - +0 cloak {rPois}
rCorr    +         Harm     .   k - +0 pair of gloves
MR       ++...                  (boots unavailable)
Stlth    ..........             R - amulet of Vitality {Regen+ HP+15}
HPRegen  0.87/turn              V - ring of the Heron {*Slow rC+ Str+3 Slay+1}
MPRegen  0.24/turn              O - ring of resist corrosion

@: studying Long Blades
A: permanent stasis, dig shafts and tunnels, four strong arms, antennae 3,
talons 3, thin metallic scales 1, [deformed body], dopey 2, electricity
resistance, [weak 2], [no potion heal 2]
}: 2/15 runes: decaying, serpentine
a: Dig, Shaft Self, Depart the Abyss, Bend Space, Banish, Corrupt, Enter the
Abyss, Brand Weapon With Distortion, Renounce Religion


You were on level 1 of the Abyss.
You worshipped Lugonu.
Lugonu was exalted by your worship.
You were not hungry.

You visited 8 branches of the dungeon, and saw 42 of its levels.
You visited the Abyss 4 times.
You also visited: Labyrinth, Ossuary and Ice Cave.

You collected 5633 gold pieces.
You spent 481 gold pieces at shops.

Inventory:

Hand Weapons
 a - a +4 battleaxe of freezing (weapon)
 b - a +2 eudemon blade of holy wrath
 I - a +2 antimagic battleaxe
Armour
 e - a +0 pair of boots
 k - a +0 pair of gloves (worn)
 D - a +0 cloak of poison resistance (worn)
 L - a +2 shield of protection (worn)
 W - +7 gold dragon scales (worn)
 Y - a scarf of cloud immunity
Jewellery
 m - an uncursed ring of positive energy
 p - an uncursed ring of positive energy
 y - a +5 ring of slaying
 B - the amulet of the Five Mice {Acrobat +Fly Str+4 Dex+2}
   (You found it in an ice cave)

   [amulet of the acrobat]

   It helps you evade while moving and waiting.
   It affects your strength (+4).
   It affects your dexterity (+2).
   It lets you fly.
 C - an uncursed ring of flight
 E - an uncursed ring of ice
 O - a ring of resist corrosion (right hand)
 R - the amulet of Vitality (around neck) {Regen+ HP+15}
   (You found it in a labyrinth)

   [amulet of regeneration]

   It affects your health (+15).
   It increases your rate of regeneration.
 S - the ring "Atuat" {rF+ MR+ Int+2 Dex+4}
   (You found it on level 3 of the Swamp)

   [ring of dexterity]

   It affects your intelligence (+2).
   It affects your dexterity (+4).
   It protects you from fire.
   It affects your resistance to hostile enchantments.
 V - the ring of the Heron (left hand) {*Slow rC+ Str+3 Slay+1}
   (You found it on level 4 of the Lair of Beasts)

   [ring of slaying]

   It affects your strength (+3).
   It affects your accuracy and damage with ranged weapons and melee attacks
   (+1).
   It protects you from cold.
   It may slow you when you take damage.
Wands
 h - a wand of digging (8)
 q - a wand of acid (9)
 r - a wand of iceblast (32)
 Q - a wand of disintegration (25)
Scrolls
 d - 8 scrolls of identify
 f - 3 scrolls of enchant weapon
 o - 4 scrolls of summoning
 s - 10 scrolls of fear
 t - 11 scrolls of remove curse
 v - 2 scrolls of holy word
 A - 5 scrolls of immolation
 H - 3 scrolls of silence
 J - 6 scrolls of magic mapping
 N - 10 scrolls of amnesia
 U - a scroll of fog
 Z - 2 scrolls of vulnerability
Potions
 g - 11 potions of curing
 i - a potion of might
 j - 5 potions of cancellation
 n - 5 potions of brilliance
 u - 7 potions of mutation
 w - 4 potions of ambrosia
 x - 5 potions of flight
 F - 8 potions of agility
 G - a potion of invisibility
 M - 2 potions of resistance
 P - 2 potions of magic
 X - 4 potions of heal wounds
Books
 K - a manual of Long Blades
Comestibles
 c - 71 rations
 l - 2 chunks of flesh


   Skills:
 + Level 19.7 Fighting
 - Level 12.0 Long Blades
 - Level 20.0 Axes
 + Level 20.1 Armour
 + Level 16.9 Dodging
 + Level 10.8 Shields
 - Level 16.0 Invocations


You had 24 spell levels left.
You didn't know any spells.
Your spell library contained the following spells:

 Spells                   Type           Power        Failure   Level  Hunger
 Beastly Appendage        Tmut           #.....       99%         1    ##.....
 Corona                   Hex            #......      99%         1    ##.....
 Freeze                   Ice            #...         99%         1    ##.....
 Infusion                 Chrm           #...         99%         1    ##.....
 Sting                    Conj/Pois      #...         99%         1    ##.....
 Summon Butterflies       Summ           #.......     99%         1    ##.....
 Summon Small Mammal      Summ           #...         99%         1    ##.....
 Call Imp                 Summ           #.......     100%        2    ###....
 Corpse Rot               Necr           N/A          100%        2    ###....
 Ensorcelled Hibernation  Hex/Ice        #.....       100%        2    ###....
 Shroud of Golubria       Chrm/Tloc      #.........   100%        2    ###....
 Song of Slaying          Chrm           #.......     100%        2    ###....
 Sticks to Snakes         Tmut           #.......     100%        2    ###....
 Throw Flame              Conj/Fire      #.....       100%        2    ###....
 Throw Frost              Conj/Ice       #.....       100%        2    ###....
 Call Canine Familiar     Summ           #.......     100%        3    ####...
 Confuse                  Hex            #.......     100%        3    ####...
 Dazzling Spray           Conj/Hex       #.....       100%        3    ####...
 Ignite Poison            Fire/Tmut/Pois #.......     100%        3    ####...
 Inner Flame              Hex/Fire       #.......     100%        3    ####...
 Lesser Beckoning         Tloc           #.........   100%        3    ####...
 Ozocubu's Armour         Chrm/Ice       #.......     100%        3    ####...
 Recall                   Summ/Tloc      N/A          100%        3    ####...
 Regeneration             Chrm/Necr      #.........   100%        3    ####...
 Spectral Weapon          Hex/Chrm       #.......     100%        3    ####...
 Spider Form              Tmut/Pois      #.........   100%        3    ####...
 Stone Arrow              Conj/Erth      #.....       100%        3    ####...
 Summon Guardian Golem    Hex/Summ       #.......     100%        3    ####...
 Tukima's Dance           Hex            #.......     100%        3    ####...
 Animate Dead             Necr           N/A          100%        4    #####..
 Ice Form                 Ice/Tmut       #.......     100%        4    #####..
 Leda's Liquefaction      Hex/Erth       #.........   100%        4    #####..
 Passage of Golubria      Tloc           N/A          100%        4    #####..
 Petrify                  Tmut/Erth      #.......     100%        4    #####..
 Summon Ice Beast         Ice/Summ       #.......     100%        4    #####..
 Summon Lightning Spire   Summ/Air       #.......     100%        4    #####..
 Throw Icicle             Conj/Ice       #.......     100%        4    #####..
 Alistair's Intoxication  Tmut/Pois      #.......     100%        5    ######.
 Blade Hands              Tmut           #.........   100%        5    ######.
 Bolt of Draining         Conj/Necr      #.........   100%        5    ######.
 Bolt of Magma            Conj/Fire/Erth #.........   100%        5    ######.
 Borgnjor's Vile Clutch   Necr/Erth      #.........   100%        5    ######.
 Dispel Undead            Necr           #.......     100%        5    ######.
 Metabolic Englaciation   Hex/Ice        #.........   100%        5    ######.
 Summon Forest            Summ/Tloc      #.........   100%        5    ######.
 Summon Mana Viper        Hex/Summ       #.......     100%        5    ######.
 Venom Bolt               Conj/Pois      #.........   100%        5    ######.
 Bolt of Cold             Conj/Ice       #.........   100%        6    #######
 Bolt of Fire             Conj/Fire      #.........   100%        6    #######
 Death Channel            Necr           #.........   100%        6    #######
 Iron Shot                Conj/Erth      #.........   100%        6    #######
 Simulacrum               Ice/Necr       #.........   100%        6    #######
 Statue Form              Tmut/Erth      #........    100%        6    #######
 Ring of Flames           Chrm/Fire      #.........   100%        7    #######
 Summon Hydra             Summ           #.........   100%        7    #######
 Disjunction              Tloc           #.........   100%        8    #######
 Shatter                  Erth           #.........   100%        9    #######
 Controlled Blink         Tloc           Unusable     N/A         8    N/A

Dungeon Overview and Level Annotations

Branches:
Dungeon (15/15)            Temple (1/1) D:6            Lair (6/6) D:9
  Swamp (4/4) Lair:4        Snake (4/4) Lair:3        Slime (5/5) Lair:5
    Orc (2/2) D:12            Elf (0/3) Orc:2        Vaults (0/5) D:14
 Depths (5/5) D:15            Zot (0/5) Depths:5

Altars:
Ashenzari
Cheibriados
Dithmenos
Elyvilon
Fedhas
Gozag
Hepliaklqana
Kikubaaqudgha
Makhleb
Nemelex Xobeh
Okawaru
Qazlal
Ru
Sif Muna
Trog
Uskayaw
Vehumet
Wu Jian
Xom
Yredelemnul
Zin
The Shining One
Beogh
Jiyva

Shops:
D:9 *   D:12 [   Orc:2 *}*   Depths:5 }=}(

Portals:
Hell: Depths:1 Depths:2 Depths:3 Depths:4 Depths:5
Abyss: Depths:4
Pandemonium: Depths:3
Ziggurat: Depths:3

Annotations:
D:6 Artagas's ghost, novice MfIE
D:10 2 transporters
Swamp:1 1 transporter
Slime:5 Royal Jelly


Innate Abilities, Weirdness & Mutations

You cannot be hasted, slowed, berserked, paralysed or teleported.
You can dig through walls and to a lower floor.
Your four strong arms can wield two-handed weapons with a shield.
You have a pair of large antennae on your head. (SInv)
You have claws for feet.
You are partially covered in thin metallic scales. (AC +2)
You are very dopey. (Int -4)
You are resistant to electric shocks. (rElec)
[Armour fits poorly on your strangely shaped body.]
[You are very weak. (Str -4)]
[Potions are poor at restoring your health.]


Message History

You feel much better.
The hellephant tramples you but does no damage.
You block the hellephant's attack.
The hellephant gores you but does no damage.
Press: ? - help, v - describe, . - travel
Here: a hellephant (lightly wounded)
The floor, spattered with blood.
Space bends around you!
You blink.
The hellephant breathes flames at you. The blast of flame hits you! You resist.
* * * LOW HITPOINT WARNING * * *
Your system partially rejects the healing.
You feel better.
Your system partially rejects the healing.
You feel better.
The hellephant blinks!
Your system partially rejects the healing.
You feel better.
The wretched star glows turbulently.
The orb of energy hits you!
You die...

.#.. ...#
#.#. #.. ....
... ### #..
#.. ...
#..#.##.##.
..#.#.....
#...#.#...
#@....#
#####..#.....
# . .
..##..#..# #
..###.#.Y#
####.
#......#...*.
. . #
#.#รท.*# . .
##. .###.# .
. # . #. #
..# . . . ##
# ..# . .


You could see a hellephant and a wretched star.

Vanquished Creatures
  Mennas (Depths:3)
  A juggernaut (Depths:2)
  Vashnia (Snake:4)
  A caustic shrike (Depths:2)
  The ghost of Hiohobis the Gnoll Aeon, a veteran GnEn of Cheibriados (Depths:4)
  The ghost of Hiohobis the Gnoll Aeon, a veteran GnEn of Cheibriados (Depths:4)
  Nikola (Depths:2)
  4 golden dragons
  Jory (Depths:4)
  A bone dragon (Depths:1)
  A tentacled monstrosity (Depths:5)
  A titan (Depths:4)
  A quicksilver dragon (Depths:2)
  4 sphinxes
  13 acid blobs
  2 thorn hunters
  An eldritch tentacle (Depths:1)
  10 nagarajas
  10 azure jellies
  3 draconian monks (Depths:5)
  2 tengu reavers
  11 frost giants
  An iron dragon (Depths:1)
  9 fire giants
  A deep elf sorcerer (Depths:3)
  A draconian knight (Depths:5)
  An orc warlord (Orc:1)
  A cacodemon (Abyss:1)
  A deep elf elementalist (Depths:3)
  22 very ugly things
  13 stone giants
  4 draconian annihilators (Depths:5)
  The ghost of Hiprih the Thaumaturge, a journeyman DsFE of Vehumet (Snake:2)
  A green draconian (Depths:5)
  8 vampire knights
  A juggernaut skeleton (Depths:1)
  A dire elephant (Lair:6)
  A purple draconian (Depths:5)
  A minotaur (Lab)
  6 white draconians (Depths:5)
  5 black draconians (Depths:5)
  The ghost of Raghazun the Unseen, a journeyman NaEn of Dithmenos (Lair:4)
  14 spark wasps
  6 red draconians (Depths:5)
  5 death oozes
  7 ettins
  7 fire dragons
  A deep elf death mage (Depths:3)
  A deep elf high priest (Depths:2)
  2 yaktaur captains
  17 naga warriors
  11 ice dragons
  6 rakshasas
  8 hydras
  Fannar (D:11)
  14 great orbs of eyes
  17 anacondas
  A shambling mangrove (Swamp:1)
  10 ghost crabs
  11 spriggan air magi
  20 two-headed ogres
  6 centaur warriors
  14 alligators
  5 ogre magi
  A vampire mage (Depths:5)
  11 deep troll earth magi
  4 catoblepae
  6 spriggan berserkers
  3 tengu warriors
  2 deep troll shamans
  Urug (Lair:6)
  A hell knight (Depths:2)
  An orc high priest (Orc:1)
  25 death yaks
  20 naga sharpshooters
  6 spriggans
  8 shock serpents
  Nergalle (D:11)
  A fire crab (Depths:1)
  A fire crab (shapeshifter) (Depths:1)
  A death drake (Depths:1)
  3 salamander mystics (Snake:4)
  6 glowing orange brains
  An unseen horror (D:12)
  A golden dragon skeleton (Depths:1)
  4 flayed ghosts
  A sixfirhy (Abyss:1)
  7 spriggan druids
  2 starcursed masses (Abyss:1)
  4 phantasmal warriors
  16 naga ritualists
  5 swamp dragons
  4 wizards
  18 deep trolls
  A sphinx zombie (Depths:2)
  Pikel (D:7)
  2 necromancers
  A fire giant zombie (Depths:3)
  3 lindwurms
  A shadow dragon zombie (Depths:2)
  An orc sorcerer (Orc:1)
  A deep elf archer (Orc:1)
  A mana viper (shapeshifter) (Depths:3)
  3 orc knights
  5 deep elf magi
  A manticore (shapeshifter) (Depths:1)
  A tengu skeleton (Depths:1)
  A worldbinder (Abyss:1)
  2 cyclopes
  40 ugly things
  18 mana vipers
  5 shining eyes
  73 slime creatures
  2 moths of wrath (shapeshifter)
  A manticore (D:14)
  10 salamanders
  An elf zombie (Depths:2)
  A large abomination (Depths:1)
  A black mamba (shapeshifter) (Depths:2)
  18 elephants (Lair:6)
  4 ice statues
  13 naga magi
  3 centaur zombies
  51 black mambas
  A fire giant skeleton (Depths:3)
  2 orange demons (Abyss:1)
  2 minotaur zombies (Lab)
  2 molten gargoyles (Depths:1)
  4 guardian serpents (Snake:4)
  A smoke demon (Abyss:1)
  Psyche (D:11)
  20 spiny frogs
  A rust devil (Depths:4)
  2 eyes of devastation (Slime:5)
  3 apocalypse crabs (Swamp:3)
  5 centaur skeletons
  A gargoyle (D:11)
  7 freezing wraiths
  3 efreet
  6 rime drakes
  A yaktaur (shapeshifter) (Depths:3)
  10 komodo dragons
  An anaconda simulacrum (Depths:1)
  A hellwing (Abyss:1)
  5 yaktaurs
  6 tengu conjurers
  The ghost of esho the Ogre Mage, an amateur OgFE of Qazlal (D:3)
  2 komodo dragons (shapeshifter)
  An ancient zyme (Abyss:1)
  A jumping spider (Depths:1)
  11 tyrant leeches
  3 meliai (D:14)
  2 polar bears
  2 queen bees
  A troll (shapeshifter) (D:14)
  12 hornets
  7 trolls
  4 wind drakes (Depths:5)
  Prince Ribbit (D:6)
  A tengu simulacrum (Depths:3)
  6 raiju (Abyss:1)
  11 dream sheep
  18 blink frogs
  A harpy skeleton (D:14)
  7 bog bodies
  12 hippogriffs
  2 wraiths
  A vampire (D:12)
  A ynoxinul (Abyss:1)
  A shadow (Swamp:4)
  14 redbacks
  A tarantella (Depths:1)
  A spriggan simulacrum (Depths:3)
  46 yaks
  2 wyverns
  A yak (shapeshifter) (Depths:1)
  2 fire elementals (Depths:1)
  11 water elementals
  An elf simulacrum (Depths:1)
  5 basilisks
  A golden eye (shapeshifter) (Depths:2)
  4 hungry ghosts (Lab)
  A neqoxec (Abyss:1)
  2 swamp worm simulacra (Swamp:4)
  Grum (D:8)
  2 steam dragons
  9 vampire mosquitoes
  2 spatial vortices (Depths:1)
  A swamp worm (shapeshifter) (D:15)
  55 nagas
  6 wargs
  15 swamp worms
  2 acid dragons
  25 insubstantial wisps
  Edmund (D:5)
  A water moccasin (shapeshifter) (D:14)
  18 hydra simulacra
  A soldier ant (D:14)
  9 water moccasins
  31 orc warriors
  3 porcupines
  11 swamp drakes
  A hornet zombie (D:15)
  3 slaves (D:7)
  2 black bears
  4 phantoms
  6 sky beasts
  2 black mamba simulacra (Depths:1)
  20 ice beasts
  An eye of draining (shapeshifter) (Depths:5)
  2 eyes of draining
  14 ogres
  4 boggarts (Depths:2)
  23 centaurs
  24 wolves
  13 crocodiles
  A big kobold (D:13)
  A bullfrog (shapeshifter) (Depths:3)
  17 bullfrogs
  2 glowing shapeshifter simulacra (Depths:1)
  A wyvern zombie (D:11)
  2 earth elementals (Depths:1)
  2 wyvern skeletons
  2 water moccasin skeletons
  4 scorpions
  37 killer bees
  An elephant simulacrum (Depths:1)
  11 wights
  8 howler monkeys
  3 electric eels
  A lava snake (Depths:1)
  10 crimson imps
  2 bullfrog zombies
  A quasit (D:10)
  3 hounds
  4 jellies
  10 orc priests
  15 orc wizards
  8 bullfrog skeletons
  An iron imp (Abyss:1)
  Jessica (D:10)
  Terence (D:2)
  3 iguanas
  13 worker ants
  A troll simulacrum (Depths:1)
  A statue (D:6)
  2 killer bee zombies
  A bullfrog simulacrum (D:8)
  A hound skeleton (D:5)
  A mummy (Ossuary)
  A worker ant zombie (D:6)
  A howler monkey skeleton (D:6)
  13 gnolls
  A gnoll (shapeshifter) (Depths:2)
  A naga simulacrum (Depths:1)
  20 adders
  14 white imps
  6 swamp drake simulacra (Swamp:4)
  2 oozes
  4 adder zombies (Ossuary)
  An adder skeleton (D:4)
  2 worms
  5 dart slugs
  7 leopard geckos
  89 orcs
  A ball python (D:3)
  A giant cockroach (shapeshifter) (Depths:4)
  12 giant cockroaches
  2 goblins
  6 hobgoblins
  4 jackals (D:1)
  7 quokkas
  A ball python skeleton (D:5)
  14 bats
  5 frilled lizards
  4 hobgoblin zombies (Ossuary)
  A jackal simulacrum (D:8)
  11 kobolds
  5 kobold zombies (Ossuary)
  A leopard gecko skeleton (D:4)
  An orc zombie (Ossuary)
  A quokka skeleton (D:4)
  A quokka zombie (Ossuary)
  2 rats
  3 rat zombies (Ossuary)
  5 fungi
  3 plants (Lair:6)
1795 creatures vanquished.

Vanquished Creatures (others)
  A thorn hunter (Swamp:3)
  A spark wasp (shapeshifter) (D:11)
  2 hydras
  A two-headed ogre (D:14)
  3 slime creatures
  A lindwurm (Depths:1)
  A deep elf mage (Depths:1)
  An ugly thing (D:11)
  A naga mage (Depths:1)
  A komodo dragon (Swamp:4)
  A spiny frog (Swamp:4)
  A hornet (Swamp:1)
  A spriggan (Swamp:2)
  2 yaks
  A hungry ghost (D:4)
  3 swamp worms (Swamp:4)
  An orc warrior (D:11)
  2 swamp drakes
  A slave (D:7)
  An ogre (D:6)
  A necrophage (D:9)
  A killer bee (shapeshifter) (Depths:1)
  A wight (D:12)
  2 mummies (Ossuary)
  A bush (Lair:3)
  3 fungi
  A lurking horror (Abyss:1)
  4 plants (Lair:6)
  10 starspawn tentacles (Abyss:1)
  6 withered plants (Depths:4)
57 creatures vanquished.

Grand Total: 1852 creatures vanquished

Notes
Turn   | Place    | Note
-------+----------+-------------------------------------------
     0 | Abyss:1  | Apachew the Formicid Abyssal Knight began the quest for the
                  | Orb.
     0 | Abyss:1  | Reached XP level 1. HP: 18/18 MP: 2/2
    12 | D:1      | Escaped the Abyss
   122 | D:1      | Reached XP level 2. HP: 21/24 MP: 3/3
   377 | D:1      | Reached XP level 3. HP: 21/29 MP: 5/5
   490 | D:1      | Reached ** piety under Lugonu
   735 | D:2      | Found a faded altar of an unknown god.
   756 | D:2      | Noticed Terence
   768 | D:2      | Killed Terence
   768 | D:2      | Reached XP level 4. HP: 23/35 MP: 6/6
   818 | D:2      | Found a shattered altar of Ashenzari.
  1240 | D:2      | Reached XP level 5. HP: 29/41 MP: 2/7
  1531 | D:2      | Found a deep blue altar of Sif Muna.
  1795 | D:3      | Found a runed gate.
  1795 | D:3      | Found a runed gate.
  1795 | D:3      | Found a runed gate.
  1823 | D:3      | Identified the cursed +2 spear of the Eternal Warrior
                  | {pierce, *Corrode rPois MP+9 Dex+10}
  1823 | D:3      | Identified the +2 chain mail of Jigsaw {MR++ Str+6}
  1836 | D:3      | Noticed esho's ghost (amateur OgFE)
  1893 | D:3      | Reached XP level 6. HP: 20/47 MP: 7/9
  1924 | D:3      | HP: 2/47 [poisoned by an adder]
  2254 | D:3      | Reached skill level 5 in Axes
  2715 | D:3      | Reached *** piety under Lugonu
  2768 | D:3      | Reached skill level 5 in Invocations
  2768 | D:3      | Reached XP level 7. HP: 33/52 MP: 10/10
  3008 | D:3      | Found a roughly hewn altar of Beogh.
  3060 | D:3      | Killed esho's ghost
  3155 | D:4      | Reached XP level 8. HP: 26/58 MP: 9/12
  3393 | D:4      | Found a sand-covered staircase.
  3400 | Ossuary  | Entered an ossuary
  4005 | D:5      | Entered Level 5 of the Dungeon
  4065 | D:5      | Reached **** piety under Lugonu
  4190 | D:5      | Reached XP level 9. HP: 53/64 MP: 12/14
  4215 | D:5      | Found a sacrificial altar of Ru.
  4255 | D:5      | Noticed Edmund
  4272 | D:5      | Killed Edmund
  4833 | D:6      | Found a staircase to the Ecumenical Temple.
  4843 | Temple   | Entered the Ecumenical Temple
  5201 | D:6      | Reached skill level 10 in Axes
  5282 | D:6      | Found a radiant altar of Vehumet.
  5394 | D:6      | Reached skill level 1 in Shields
  5482 | D:6      | Found a transporter.
  5486 | D:6      | Noticed Artagas's ghost (novice MfIE)
  5494 | D:6      | Found a transporter.
  5533 | D:6      | Reached skill level 1 in Dodging
  5741 | D:6      | Noticed Prince Ribbit
  5749 | D:6      | Killed Prince Ribbit
  5749 | D:6      | Reached XP level 10. HP: 25/71 MP: 9/16
  5822 | D:7      | Noticed Pikel
  5835 | D:7      | Killed Pikel
  6134 | D:7      | Found a shadowy altar of Dithmenos.
  6269 | D:7      | Reached ***** piety under Lugonu
  7049 | D:8      | Reached skill level 5 in Fighting
  7434 | D:8      | Noticed Grum
  7470 | D:8      | Killed Grum
  7837 | D:8      | Reached XP level 11. HP: 49/81 MP: 9/18
  8016 | D:9      | Reached skill level 10 in Invocations
  8041 | D:9      | HP: 1/81 [ogre/+0 giant club (19)]
  8357 | D:9      | Found a shimmering altar of Xom.
  8378 | D:9      | Found Mischusat's Assorted Antiques.
  8505 | D:9      | Found a snail-covered altar of Cheibriados.
  8618 | D:9      | Found a staircase to the Lair.
  8851 | D:10     | Entered Level 10 of the Dungeon
  8862 | D:10     | Found a transporter.
  8873 | D:10     | Noticed an orc sorcerer
  8917 | D:10     | Found a transporter.
  8959 | D:10     | Noticed Jessica
  8969 | D:10     | Found a deep blue altar of Sif Muna.
  8975 | D:10     | Killed Jessica
  9016 | D:10     | Noticed a fire crab
  9059 | D:10     | Noticed a two-headed ogre
  9061 | D:10     | Killed a two-headed ogre
  9563 | D:11     | Noticed a two-headed ogre
  9576 | D:11     | Killed a two-headed ogre
  9576 | D:11     | Reached skill level 5 in Dodging
  9588 | D:11     | Identified the ring "Edgheos" {Fire Int+3 Dex+2}
  9676 | D:11     | Reached ****** piety under Lugonu
  9705 | D:11     | Identified the +0 arbalest of Intimidation {elec, Dex+2}
  9714 | D:11     | Reached XP level 12. HP: 27/91 MP: 11/20
  9722 | D:11     | Noticed a glowing orange brain
  9774 | D:11     | Noticed a spark wasp
  9774 | D:11     | a snapping turtle changed into a spark wasp
  9777 | D:11     | Banished a spark wasp
 10810 | D:11     | Noticed Psyche
 10818 | D:11     | Killed Psyche
 10837 | D:11     | Noticed a tengu warrior
 10838 | D:11     | Noticed Fannar
 10852 | D:11     | Killed a tengu warrior
 10862 | D:11     | Killed Fannar
 10972 | D:11     | Noticed Nergalle
 10983 | D:11     | Killed Nergalle
 11284 | D:11     | Noticed a two-headed ogre
 11292 | D:11     | Killed a two-headed ogre
 11534 | D:12     | Found a staircase to the Orcish Mines.
 11656 | D:12     | Noticed an unseen horror
 11782 | D:12     | Killed an unseen horror
 11832 | D:12     | Found Tialoal's Armour Emporium.
 11913 | D:12     | Reached skill level 5 in Shields
 11913 | D:12     | Reached XP level 13. HP: 75/99 MP: 15/21
 12352 | D:13     | Noticed a centaur warrior
 12358 | D:13     | Killed a centaur warrior
 12486 | D:13     | Found a frozen archway.
 12699 | IceCv    | Entered an ice cave
 13653 | IceCv    | Noticed an ice dragon
 13655 | IceCv    | Noticed an ice dragon
 13667 | IceCv    | Killed an ice dragon
 13673 | IceCv    | Killed an ice dragon
 13745 | IceCv    | Got a faintly glowing steel amulet
 13746 | IceCv    | Identified the amulet of the Five Mice {Acrobat +Fly Str+4
                  | Dex+2} (You found it in an ice cave)
 14901 | D:14     | Reached XP level 14. HP: 84/109 MP: 23/23
 14964 | D:14     | Reached skill level 10 in Fighting
 14964 | D:14     | Reached skill level 15 in Axes
 15635 | D:14     | Found a gate to the Vaults.
 16205 | D:15     | Entered Level 15 of the Dungeon
 16990 | D:15     | Reached XP level 15. HP: 99/119 MP: 24/24
 17366 | D:15     | Found a staircase to the Depths.
 17642 | Lair:1   | Entered Level 1 of the Lair of Beasts
 18919 | Lair:3   | Found a staircase to the Snake Pit.
 18978 | Lair:3   | Found a labyrinth entrance.
 18990 | Lab      | Entered a labyrinth
 19250 | Lab      | Found the amulet of Vitality {Regen+ HP+15}
 19261 | Lab      | Reached skill level 5 in Armour
 20142 | Lair:4   | Found a staircase to the Swamp.
 20150 | Lair:4   | Found a radiant altar of Vehumet.
 20284 | Lair:4   | Found a transporter.
 20284 | Lair:4   | Noticed Raghazun's ghost (journeyman NaEn)
 20288 | Lair:4   | Found a transporter.
 20339 | Lair:4   | Killed Raghazun's ghost
 20352 | Lair:4   | Got a smoking platinum ring
 20353 | Lair:4   | Identified the ring of the Heron {*Slow rC+ Str+3 Slay+1}
                  | (You found it on level 4 of the Lair of Beasts)
 20870 | Lair:5   | Reached XP level 16. HP: 81/127 MP: 25/25
 21114 | Lair:5   | Reached skill level 10 in Dodging
 21363 | Lair:5   | Found a viscous altar of Jiyva.
 21363 | Lair:5   | Found a staircase to the Slime Pits.
 21540 | Lair:6   | Entered Level 6 of the Lair of Beasts
 21982 | Lair:6   | Noticed Urug
 21991 | Lair:6   | Killed Urug
 22635 | Lair:6   | Got a pitted turquoise ring
 22636 | Lair:6   | Identified the cursed ring "Kegiz" {rN+ Str-3} (You found
                  | it on level 6 of the Lair of Beasts)
 22961 | Orc:1    | Entered Level 1 of the Orcish Mines
 23018 | Orc:1    | Reached XP level 17. HP: 135/135 MP: 27/27
 23326 | Orc:2    | Entered Level 2 of the Orcish Mines
 23326 | Orc:2    | Found a staircase to the Elven Halls.
 23427 | Orc:2    | Reached skill level 10 in Armour
 23882 | Orc:2    | Found Fanumom's General Store.
 23882 | Orc:2    | Found Jym Unuo's Gadget Shop.
 23884 | Orc:2    | Found Ywuos's Assorted Antiques.
 23886 | Orc:2    | Found Hygethri's Weapon Shoppe.
 23893 | Orc:2    | Bought an ebony broad axe for 234 gold pieces
 23893 | Orc:2    | Identified the +4 broad axe "Myicuako" {pain, rF+} (You
                  | bought it in a shop on level 2 of the Orcish Mines)
 23896 | Orc:2    | Bought a runed battleaxe for 247 gold pieces
 24623 | Swamp:1  | Entered Level 1 of the Swamp
 24629 | Swamp:1  | Found a transporter.
 24641 | Swamp:1  | Found a transporter.
 25016 | Swamp:1  | Found a transporter.
 25035 | Swamp:1  | Found a transporter.
 25086 | Swamp:1  | Found a transporter.
 26706 | Swamp:3  | Noticed a thorn hunter
 26708 | Swamp:3  | Banished a thorn hunter
 26745 | Swamp:3  | Noticed a thorn hunter
 26756 | Swamp:3  | Killed a thorn hunter
 27072 | Swamp:3  | Found a runed door.
 27662 | Swamp:3  | Reached XP level 18. HP: 144/144 MP: 28/28
 27903 | Swamp:3  | Got a warped brass ring
 27904 | Swamp:3  | Identified the ring "Atuat" {rF+ MR+ Int+2 Dex+4} (You
                  | found it on level 3 of the Swamp)
 28359 | Swamp:4  | Entered Level 4 of the Swamp
 29612 | Swamp:4  | Got a decaying rune of Zot
 29814 | Snake:1  | Entered Level 1 of the Snake Pit
 30714 | Snake:1  | Reached XP level 19. HP: 128/153 MP: 30/30
 31399 | Snake:2  | Noticed Hiprih's ghost (journeyman DsFE)
 31412 | Snake:2  | Found a runed gate.
 31412 | Snake:2  | Found a runed gate.
 31414 | Snake:2  | Found a runed gate.
 31427 | Snake:2  | Reached skill level 15 in Invocations
 31451 | Snake:2  | Killed Hiprih's ghost
 31854 | Snake:3  | Reached skill level 15 in Armour
 32190 | Snake:4  | Entered Level 4 of the Snake Pit
 32491 | Snake:4  | Reached skill level 15 in Fighting
 32502 | Snake:4  | Noticed Vashnia
 32523 | Snake:4  | Killed Vashnia
 33059 | Snake:4  | Reached XP level 20. HP: 156/162 MP: 31/31
 33813 | Abyss:1  | Gained mutation: You are frail. (-10% HP) [a cacodemon]
 34001 | Snake:4  | Escaped the Abyss
 34103 | Snake:4  | Lost mutation: You are frail. (-10% HP) [potion of
                  | mutation]
 34103 | Snake:4  | Gained mutation: You are resistant to electric shocks.
                  | (rElec) [potion of mutation]
 34103 | Snake:4  | Gained mutation: You have sharp toenails. [potion of
                  | mutation]
 34460 | Snake:4  | Got a serpentine rune of Zot
 35076 | Depths:1 | Entered Level 1 of the Depths
 35249 | Depths:1 | Escaped the Abyss
 35412 | Depths:1 | Noticed a bone dragon
 35432 | Depths:1 | Killed a bone dragon
 35432 | Depths:1 | Reached XP level 21. HP: 130/171 MP: 33/33
 35619 | Depths:1 | Identified the Papyrus of Evil Rituals
 35805 | Depths:1 | Found a gateway to Hell.
 36431 | Depths:1 | Identified Rollatz's Incunabulum of the Rocks
 36870 | Depths:1 | Identified the Incunabulum of Displacement
 37053 | Depths:1 | Identified Owumy's Incunabulum of the Blaze
 37173 | Depths:1 | Identified the Catalogue of Envenoming
 37528 | Depths:1 | Identified the Volume of Cold
 37798 | Depths:2 | Reached XP level 22. HP: 136/179 MP: 34/34
 38257 | Depths:2 | Noticed Nikola
 38283 | Depths:2 | Killed Nikola
 38755 | Depths:2 | Noticed a juggernaut
 38782 | Depths:2 | Killed a juggernaut
 38941 | Depths:2 | Noticed a caustic shrike
 38949 | Depths:2 | Killed a caustic shrike
 38958 | Depths:2 | Reached skill level 15 in Dodging
 39681 | Depths:3 | Found a gateway to a ziggurat.
 39856 | Depths:3 | Found a one-way gate leading to the halls of Pandemonium.
 39956 | Depths:3 | Reached XP level 23. HP: 165/188 MP: 35/35
 39978 | Depths:3 | Noticed Mennas
 40022 | Depths:3 | Killed Mennas
 40219 | Depths:3 | Reached skill level 1 in Long Blades
 40232 | Depths:3 | HP: 3/203 [fire giant/fireball (32)]
 41236 | Depths:3 | Noticed a golden dragon
 41247 | Depths:3 | Killed a golden dragon
 41256 | Depths:3 | Reached skill level 5 in Long Blades
 41276 | Depths:3 | Noticed a golden dragon
 41296 | Depths:3 | Killed a golden dragon
 41330 | Depths:3 | Noticed a golden dragon
 41388 | Depths:3 | Killed a golden dragon
 42048 | Depths:4 | Noticed Jory
 42068 | Depths:4 | Killed Jory
 42789 | Depths:4 | Found a runed gate.
 42813 | Depths:4 | Found a runed gate.
 42813 | Depths:4 | Found a runed gate.
 42873 | Depths:4 | Noticed Hiohobis's ghost (veteran GnEn)
 42873 | Depths:4 | Noticed Hiohobis's ghost (veteran GnEn)
 43148 | Depths:4 | Reached XP level 24. HP: 170/199 MP: 35/35
 43417 | Depths:4 | Found a one-way gate to the infinite horrors of the Abyss.
 43536 | Depths:4 | Killed Hiohobis's ghost
 43558 | Depths:4 | Killed Hiohobis's ghost
 43599 | Depths:5 | Entered Level 5 of the Depths
 43645 | Depths:5 | Found Dexoah's Weapon Shop.
 44285 | Depths:5 | Reached skill level 10 in Long Blades
 44532 | Depths:5 | Noticed a golden dragon
 44547 | Depths:5 | Killed a golden dragon
 44658 | Depths:5 | Found Esoydaf's Gadget Boutique.
 44660 | Depths:5 | Found Seownesch's Jewellery Emporium.
 44661 | Depths:5 | Found Baupruydd's Gadget Boutique.
 44966 | Depths:5 | Found a gate to the Realm of Zot.
 45038 | Depths:5 | Identified the Grimoire of Dark Boosts
 45630 | Slime:1  | Entered Level 1 of the Pits of Slime
 45657 | Slime:1  | Gained mutation: You are dopey. (Int -2) [a shining eye]
 46300 | Slime:4  | Reached XP level 25. HP: 143/206 MP: 35/35
 46351 | Slime:4  | Reached skill level 10 in Shields
 47036 | Slime:5  | Entered Level 5 of the Pits of Slime
 47301 | Slime:5  | Gained mutation: Your magical capacity is low. (-10% MP) [a
                  | shining eye]
 47303 | Slime:5  | Gained mutation: [Armour fits poorly on your strangely
                  | shaped body.] [a shining eye]
 47317 | Slime:5  | Lost mutation: Your magical capacity is low. (-10% MP)
                  | [potion of mutation]
 47317 | Slime:5  | Lost mutation: [Armour fits poorly on your strangely shaped
                  | body.] [potion of mutation]
 47317 | Slime:5  | Gained mutation: Scrolls take you a little longer to read.
                  | [potion of mutation]
 47317 | Slime:5  | Gained mutation: You have razor-sharp toenails. [potion of
                  | mutation]
 47346 | Slime:5  | Gained mutation: You are very dopey. (Int -4) [a shining
                  | eye]
 47350 | Slime:5  | Gained mutation: You are frail. (-10% HP) [a shining eye]
 47355 | Slime:5  | Lost mutation: Scrolls take you a little longer to read.
                  | [potion of mutation]
 47355 | Slime:5  | Lost mutation: You are frail. (-10% HP) [potion of
                  | mutation]
 47355 | Slime:5  | Lost mutation: You have razor-sharp toenails. [potion of
                  | mutation]
 47355 | Slime:5  | Lost mutation: You are very dopey. (Int -4) [potion of
                  | mutation]
 47355 | Slime:5  | Gained mutation: You have razor-sharp toenails. [potion of
                  | mutation]
 47355 | Slime:5  | Gained mutation: You have claws for feet. [potion of
                  | mutation]
 47355 | Slime:5  | Gained mutation: You are partially covered in thin metallic
                  | scales. (AC +2) [potion of mutation]
 47378 | Slime:5  | Noticed the Royal Jelly
 47894 | Abyss:1  | Gained mutation: You are very dopey. (Int -4) [a neqoxec]
 47991 | Abyss:1  | Killed from afar by a wretched star

Vault maps used:
D:1:      sevenhm_arrival_forest_fort_large_4, minmay_worlds_worst_comb
D:2:      ashenzari_conservatory_becter, lemuel_coloured_pillars_altar,
          chequers_ecumenical_altar_simple_redux, uniq_terence
D:3:      biasface_ghost_orc_armoury
D:4:      lightli_ossuary_entry_decrepit_ruins
D:5:      first_ration, nicolae_ru_great_annihilating_truth, uniq_edmund
D:6:      vehumet_statue, minmay_temple_entry_statues_fountains,
          gammafunk_ghost_arena, uniq_prince_ribbit1
D:7:      nicolae_dithmenos_the_darkroom, uniq_pikel
D:8:      serial_ice, serial_ice_n, serial_ice_i, serial_ice_e, serial_ice_m,
          serial_ice_b, serial_ice_a, uniq_grum
D:9:      lemuel_crystal_altar, overflow_temple_1_default,
          erik_lair_orcish_takeover, serial_shops, shop_fountains
D:10:     gammafunk_wand_slinger, tgw_sif
D:11:     serial_glass, glass_columns_c, glass_columns_a, glass_columns_a,
          glass_columns_a, grunt_tengu_nest, minmay_pinched_square,
          uniq_nergalle, uniq_fannar, uniq_psyche
D:12:     david_orc_2, serial_shops, kennysheep_mini, minmay_librarian
D:13:     portal_ice_cave_entry_imps
D:14:     david_vaults_4, special_room, kennysheep_decorative_pillar
D:15:     gammafunk_enter_depths_forms
Temple:   minmay_temple_bridge_d
Lair:1:   serial_bayou_shore_b
Lair:2:   st_stairs_11, serial_bayou_pond_c, chequers_serial_rivers_micro_e
Lair:3:   dummy_snake_entry, lab_entry_generic
Lair:4:   swamp_mist_pool, basic_altar, gammafunk_ghost_hive, fungi_pond_lemuel,
          grunt_megastairs_4
Lair:5:   dpeg_slime_entry_enclosed_altar, serial_bayou_pond_e,
          grunt_megastairs_3
Lair:6:   grunt_lair_end_beastmaster, wad_woods_road_05, uniq_urug
Swamp:1:  gammafunk_the_bubble, serial_swamp_ruin, evilmike_swamp_ruin_house_5,
          evilmike_swamp_ruin_house_4
Swamp:2:  hangedman_swamp_ruin_wall
Swamp:3:  gammafunk_mikee_crab_dinner, evilmike_swamp_ruin_rubble_1,
          nicolae_swamp_alligator_family, infiniplex_staircase_pool_2
Swamp:4:  swamp_icy, swamp_pool3
Snake:1:  st_stairs_3
Snake:2:  gammafunk_ghost_split
Snake:3:  st_stairs_10, spider_trap
Snake:4:  minmay_snake_end_coiled, nrook_guardian_serpent_ordinary,
          grunt_megastairs_5, uniq_vashnia
Slime:3:  basic_altar
Orc:1:    elf_legates
Orc:2:    st_orc_rangers, nicolae_orc_damp_corner
Depths:1: serial_hangedman_research, hangedman_research_quantum,
          hangedman_research_pyrotechnics, hangedman_research_thanatology,
          hangedman_research_geology, hangedman_research_thermodynamics,
          hangedman_research_toxicology, hell_entry, nrook_pool_corridor,
          kennysheep_generic_room_5
Depths:2: angbandy_vault, serial_sigils_hangedman_quiver, hell_entry,
          uniq_nikola
Depths:3: grunt_runaround, hell_entry, pan_entry, uniq_mennas
Depths:4: wad_mega_maze, gammafunk_ghost_cemetery, abyss_entry_crystal,
          grunt_hell_entry_dis_mu, uniq_jory
Depths:5: lemuel_castle_with_subvaults, serial_glass, glass_columns_b,
          glass_columns_b, glass_columns_c, glass_columns_c, glass_columns_b,
          glass_columns_a, pf_coc_iceberg, serial_shops, nicolae_shop_stone,
          minmay_shop_grove, serial_bayou_shore_b, serial_bayou_shore_b
Abyss:1:  bh_abyss_xom_lugonu_altar, hangedman_decor_riveting
Lab:      labyrinth_hidden_loot, lab_fountain, nicolae_lab_t_cross,
          nicolae_lab_arrow, nicolae_lab_big_swirl, nicolae_lab_checkerboard,
          labyrinth_skeletal_remains
Ossuary:  ossuary_minmay_chase
IceCv:    ice_cave_small_dragons

Skill      XL: |  1  2  3  4  5  6  7  8  9 10 11 12 13 14 15 16 17 18 19 20 21 22 23 24 25 |
---------------+----------------------------------------------------------------------------+-----
Axes           | 3 4 5 7 8 10 11 12 13 14 16 17 18 19 20 | 20.0
Invocations    | 3 4 5 6 7 8 9 11 12 13 14 15 16 | 16.0
Shields        | 2 3 5 8 9 10 | 10.8
Dodging        | 1 3 5 6 7 9 10 11 12 13 14 15 16 | 16.9
Fighting       | 5 7 8 9 11 12 13 14 15 16 17 18 19 | 19.7
Armour         | 3 7 9 12 14 15 16 17 18 19 20 | 20.1
Long Blades    | 8 11 12 | 12.0

Action                   |  1- 3 |  4- 6 |  7- 9 | 10-12 | 13-15 | 16-18 | 19-21 | 22-24 | 25-27 || total
-------------------------+-------+-------+-------+-------+-------+-------+-------+-------+-------++-------
Melee: Hand axe          |    65 |   157 |       |       |       |       |       |       |       ||   222
       War axe           |       |    45 |   371 |   192 |       |       |       |       |       ||   608
       Broad axe         |       |       |       |   320 |   836 |  1146 |   978 |       |       ||  3280
       Battleaxe         |       |       |       |       |       |       |   316 |  1250 |   213 ||  1779
       Eudemon blade     |       |       |       |       |       |       |       |    13 |       ||    13
       Kick              |       |       |       |       |       |       |       |       |    36 ||    36
Invok: Banish            |       |       |     4 |     3 |     5 |    11 |       |       |       ||    23
       Enter the Abyss   |       |       |       |       |       |       |     2 |       |     1 ||     3
       Depart the Abyss  |       |       |       |       |       |       |     2 |       |       ||     2
       Bend Space        |       |       |       |       |       |       |       |       |     9 ||     9
 Abil: Dig               |       |       |       |     2 |    15 |     2 |     4 |     5 |       ||    28
       Evoke Flight      |       |       |       |       |     1 |       |       |       |       ||     1
Evoke: Wand              |       |       |       |     1 |       |       |       |       |       ||     1
  Use: Potion            |       |       |     2 |     2 |     1 |     4 |     6 |     1 |     8 ||    24
       Scroll            |       |       |    10 |    11 |    12 |     6 |       |     9 |       ||    48
 Stab: Paralysed         |       |       |     1 |       |       |       |       |       |       ||     1
       Petrified         |       |       |       |       |       |    14 |       |       |       ||    14
       Petrifying        |       |       |       |       |       |     1 |       |       |       ||     1
       Confused          |       |       |       |       |       |     2 |       |     2 |       ||     4
  Eat: Chunk             |       |     6 |    13 |    21 |    26 |    23 |    22 |    26 |       ||   137
       Ration            |       |       |     1 |       |     2 |     4 |     1 |     1 |     2 ||    11
Armor: Leather armour    |    20 |       |       |       |       |       |       |       |       ||    20
       Ring mail         |       |    94 |       |       |       |       |       |       |       ||    94
       Chain mail        |       |     7 |   194 |   270 |   227 |   416 |   407 |   156 |       ||  1677
       Skin              |       |       |       |       |    20 |    21 |       |       |       ||    41
       Gold dragon scale |       |       |       |       |       |       |       |   233 |   145 ||   378
Dodge: Dodged            |    54 |   140 |   148 |   226 |   257 |   458 |   485 |   366 |    96 ||  2230
Block: Buckler           |       |       |     6 |    92 |       |       |       |       |       ||    98
       Shield            |       |       |       |    65 |   459 |   704 |   720 |   519 |   130 ||  2597
       Rpst.: Eudemon blade |       |       |       |       |       |       |       |     1 |       ||     1

Table legend:
 A = Non-vault XP
 B = Vault XP
 C = Vault XP percentage of total XP
 D = Non-vault monster count
 E = Vault monster count
 F = Vault count percentage of total count
                 A         B        C        D         E       F
            +---------+---------+-------+---------+---------+-------
      Total |  460964 |  397953 |  46.3 |    1153 |     646 |  35.9
            +---------+---------+-------+---------+---------+-------
        D:1 |      30 |       4 |  11.8 |      17 |       2 |  10.5
        D:2 |     124 |      36 |  22.5 |      21 |       1 |   4.5
        D:3 |     364 |     354 |  49.3 |      42 |       7 |  14.3
        D:4 |     511 |       0 |   0.0 |      20 |       0 |   0.0
        D:5 |     995 |     181 |  15.4 |      23 |       5 |  17.9
        D:6 |     746 |     525 |  41.3 |      32 |       5 |  13.5
        D:7 |     833 |     651 |  43.9 |      23 |       1 |   4.2
        D:8 |     995 |    1446 |  59.2 |      15 |      13 |  46.4
        D:9 |     957 |     604 |  38.7 |      13 |       8 |  38.1
       D:10 |    3122 |      37 |   1.2 |      31 |       1 |   3.1
       D:11 |    5025 |    6595 |  56.8 |      36 |      18 |  33.3
       D:12 |    5410 |     703 |  11.5 |      31 |       7 |  18.4
       D:13 |    5626 |     125 |   2.2 |      38 |      12 |  24.0
       D:14 |   15590 |    4636 |  22.9 |      49 |      30 |  38.0
       D:15 |    9836 |    4744 |  32.5 |      25 |       9 |  26.5
     Lair:1 |    1232 |       0 |   0.0 |       5 |       0 |   0.0
     Lair:2 |    1926 |    1168 |  37.8 |      10 |       4 |  28.6
     Lair:3 |   13938 |       0 |   0.0 |      29 |       0 |   0.0
     Lair:4 |    7494 |    3495 |  31.8 |      21 |      14 |  40.0
     Lair:5 |   11127 |    5271 |  32.1 |      37 |       8 |  17.8
     Lair:6 |   22063 |    9396 |  29.9 |      65 |      17 |  20.7
    Swamp:1 |   17841 |    4981 |  21.8 |      41 |      11 |  21.2
    Swamp:2 |    9311 |       0 |   0.0 |      32 |       0 |   0.0
    Swamp:3 |   11175 |   10940 |  49.5 |      18 |      15 |  45.5
    Swamp:4 |   11655 |    7105 |  37.9 |      29 |      31 |  51.7
    Snake:1 |   27634 |     623 |   2.2 |      50 |       2 |   3.8
    Snake:2 |   17882 |    5835 |  24.6 |      30 |       9 |  23.1
    Snake:3 |    8886 |    1150 |  11.5 |      19 |       2 |   9.5
    Snake:4 |   36590 |   42242 |  53.6 |      62 |      62 |  50.0
    Slime:1 |    6972 |       0 |   0.0 |      14 |       0 |   0.0
    Slime:2 |    7290 |       0 |   0.0 |      12 |       0 |   0.0
    Slime:3 |    5682 |       0 |   0.0 |       4 |       0 |   0.0
    Slime:4 |   18139 |       0 |   0.0 |      24 |       0 |   0.0
    Slime:5 |   15302 |   16962 |  52.6 |      23 |      12 |  34.3
      Orc:1 |    1615 |    4575 |  73.9 |      23 |      10 |  30.3
      Orc:2 |    2016 |    4946 |  71.0 |       8 |      39 |  83.0
   Depths:1 |   50849 |   36175 |  41.6 |      59 |      69 |  53.9
   Depths:2 |   48486 |   54679 |  53.0 |      58 |      35 |  37.6
   Depths:3 |       0 |   94466 | 100.0 |       0 |      88 | 100.0
   Depths:4 |   13607 |   20499 |  60.1 |      12 |       9 |  42.9
   Depths:5 |   33228 |   44103 |  57.0 |      31 |      40 |  56.3
    Abyss:1 |    8860 |       0 |   0.0 |      21 |       0 |   0.0
        Lab |       0 |    3215 | 100.0 |       0 |       9 | 100.0
    Ossuary |       0 |      75 | 100.0 |       0 |      21 | 100.0
      IceCv |       0 |    5411 | 100.0 |       0 |      20 | 100.0
            +---------+---------+-------+---------+---------+-------
